Map: Sequencer LE

Players

Lambo

  • Race: Zerg Zerg
  • Spawn Location: 7:00

Snute - Winner!

  • Race: Zerg Zerg
  • Spawn Location: 1:00

Event: WCS Jonkoping 2017

VOD

Have the link to the VOD?

Description

Time

  • Played on: June 17, 2017, 3:10 p.m.
  • Length: 6:29

All games in this series

Show
View Real Time Build Order
Export as new Build Order

Lambo Zerg 

Build Orders: Hatch First, Roach Nydus 

Get SALT Encoding   

  12  0:02  Drone  
  13  0:13  Overlord  
  13  0:17  Drone  
  14  0:31  Drone x2  
  14  0:35  Drone  
  17  0:52  Hatchery  
  17  0:54  Drone  
  17  1:02  Drone  
  18  1:08  Extractor  
  17  1:14  Spawning Pool  
  17  1:18  Drone  
  17  1:19  Drone  
  18  1:28  Drone  
  19  1:39  Overlord  
  19  1:50  Drone  
  20  2:00  Queen  
  22  2:01  Zergling x2  
  22  2:04  Queen, Drone  
  26  2:11  Drone  
  27  2:17  Drone, Spine Crawler  
  27  2:23  Drone  
  27  2:27  Drone  
  29  2:35  Drone  
  30  2:37  Lair  
  30  2:39  Drone  
  32  2:46  Queen  
  32  2:47  Drone x2  
  36  2:58  Overlord  
  36  3:09  Evolution Chamber  
  36  3:10  Roach Warren, Drone  
  35  3:14  Extractor  
  35  3:16  Overlord  
  35  3:17  Drone x2  
  35  3:18  Drone x2  
  35  3:19  Drone  
  39  3:29  Queen  
  40  3:40  Queen  
  42  3:42  Nydus Network  
  41  3:51  Roach x3  
  47  3:59  Roach x2  
  47  4:02  Overlord  
  51  4:20  Nydus Canal  
  51  4:21  Overlord  
  51  4:23  Roach  
  53  4:28  Roach  
  53  4:29  Queen x2  
  53  4:31  Overlord  
  59  4:33  Overlord  
  59  4:40  Roach x2  
  59  4:44  Roach  
  65  4:46  Roach  
  65  4:50  Roach  
  63  4:59  Roach x2  
  52  5:05  Roach  
  52  5:07  Roach  
  52  5:12  Zergling x2  
  52  5:13  Zergling x2  
  56  5:17  Zergling x2  
  57  5:23  Zergling x2  
  57  5:25  Nydus Canal  
  58  5:30  Roach  
  58  5:33  Queen  
  64  5:35  Roach  
  64  5:41  Roach  
  66  5:47  Roach  
  70  5:50  Roach  
  62  5:59  Roach x2  
  62  6:03  Roach  
Show
View Real Time Build Order
Export as new Build Order

Snute Zerg - Winner!

Build Orders: Hatch First 

Get SALT Encoding   

  12  0:00  Drone  
  13  0:12  Overlord  
  13  0:17  Drone  
  14  0:30  Drone x2  
  14  0:34  Drone  
  17  0:52  Hatchery  
  17  0:54  Drone  
  17  0:57  Drone  
  17  0:59  Extractor  
  17  1:13  Spawning Pool  
  17  1:16  Drone  
  17  1:21  Drone  
  18  1:27  Drone  
  19  1:38  Overlord  
  19  1:59  Queen, Metabolic Boost  
  19  2:01  Zergling x2  
  22  2:03  Queen  
  22  2:05  Zergling x2  
  22  2:08  Zergling x2  
  26  2:12  Drone  
  28  2:15  Drone  
  28  2:21  Drone  
  29  2:26  Drone  
  30  2:32  Drone  
  30  2:35  Queen  
  33  2:45  Overlord  
  33  2:50  Hatchery  
  32  2:52  Drone  
  32  2:55  Drone  
  32  2:56  Drone  
  35  3:00  Drone  
  36  3:06  Drone  
  36  3:09  Drone x3  
  36  3:10  Drone  
  40  3:15  Zergling x2  
  40  3:16  Zergling x2  
  40  3:18  Overlord  
  42  3:21  Drone  
  43  3:37  Drone x2  
  43  3:38  Drone  
  43  3:40  Drone  
  47  3:42  Drone  
  47  3:43  Drone x2  
  47  3:46  Drone  
  47  3:47  Overlord  
  51  3:50  Extractor  
  51  3:53  Drone  
  51  3:58  Overlord  
  51  4:00  Lair  
  51  4:03  Extractor, Drone  
  51  4:05  Evolution Chamber  
  51  4:06  Roach Warren, Drone x3  
  51  4:08  Drone  
  53  4:22  Zergling x10  
  53  4:23  Zergling x6  
  61  4:28  Zergling x2  
  62  4:32  Zergling x4  
  62  4:34  Spine Crawler  
  62  4:38  Zergling x2  
  59  4:46  Roach x4  
  59  4:49  Zergling x4  
  58  4:52  Zergling x2  
  58  4:58  Zergling x2  
  58  4:59  Zergling x2  
  54  5:12  Drone x2  
  54  5:13  Drone x2  
  58  5:17  Drone x2  
  58  5:18  Drone  
  61  5:28  Drone x4  
  65  5:34  Roach  
  67  5:35  Queen  
  67  5:38  Queen  
  67  5:42  Roach  
  73  5:45  Overlord  
  73  5:46  Overlord  
  73  5:50  Overlord  
  67  5:58  Roach x3  
  67  5:59  Ravager  
  71  6:06  Roach  
Tags
 
Add a new tag
Caveats
  • Supply blocks, unpowered buildings, or Contaminate may cause inaccurate times.
  • Supply counts are checked every 10 seconds.